 Dungeon Crawl Stone Soup version 0.31-a0-204-g7da18cac08 (webtiles) character file.

Game seed: 1516099065742212694

315 zazu2006 the Protected (level 6, -2/44 HPs)
             Began as a Gnoll Wanderer on June 27, 2023.
             Splashed by a jelly's acid (8 damage)
             ... on level 4 of the Dungeon.
             The game lasted 00:04:51 (2226 turns).

zazu2006 the Protected (Gnoll Wanderer)             Turns: 2226, Time: 00:04:53

Health: -2/44      AC: -5    Str: 14    XL:     6   Next: 44%
Magic:  9/9        EV: 11    Int: 11    God:
Gold:   94         SH:  0    Dex: 11    Spells: 9/9 levels left

rFire   . . .        a - +2 mace
rCold   + . .        (no shield)
rNeg    . . .        g - +2 leather armour {rC+}
rPois   .            (no helmet)
rElec   .            (no cloak)
rCorr   .            (no gloves)
SInv    .            (no boots)
Will    .....        (no amulet)
Stlth   ++           (no ring)
HPRegen 0.27/turn    (no ring)
MPRegen 0.11/turn

%: no passive effects
@: corroded
A: fangs 1, strong nose, distributed training
a: no special abilities


You were on level 4 of the Dungeon.
You visited 1 branch of the dungeon, and saw 4 of its levels.

You collected 94 gold pieces.

Inventory:

Hand Weapons
 a - a +2 mace (weapon)
 b - a +0 quarterstaff
 c - a +0 dagger of venom
Armour
 g - a +2 leather armour of cold resistance (worn)
Scrolls
 d - a scroll of fear
 e - a scroll of vulnerability {unknown}
 f - 2 scrolls of enchant weapon {unknown}
 i - 3 scrolls of blinking {unknown}
 j - a scroll of poison {unknown}
 k - 3 scrolls of identify
 m - a scroll of enchant armour {unknown}
 q - a scroll of noise {unknown}
Potions
 h - a potion of magic {unknown}
 l - a potion of curing
 n - a potion of brilliance
 o - a potion of might {unknown}


   Skills:
 + Level 2.0 Fighting
 + Level 2.0 Short Blades
 + Level 2.0 Long Blades
 + Level 2.0 Axes
 + Level 5.0 Maces & Flails
 + Level 2.0 Polearms
 + Level 3.3 Staves
 + Level 2.0 Ranged Weapons
 + Level 3.3 Throwing
 + Level 10.6 Armour
 + Level 2.0 Dodging
 + Level 2.0 Stealth
 + Level 2.0 Shields
 + Level 2.0 Unarmed Combat
 + Level 2.0 Spellcasting
 + Level 1.6 Conjurations
 + Level 1.6 Hexes
 + Level 1.6 Summonings
 + Level 1.6 Necromancy
 + Level 1.6 Translocations
 + Level 1.6 Transmutations
 + Level 1.6 Fire Magic
 + Level 1.6 Ice Magic
 + Level 1.6 Air Magic
 + Level 1.6 Earth Magic
 + Level 1.6 Poison Magic
 + Level 2.2 Invocations
 + Level 3.3 Evocations


You had 9 spell levels left.
You didn't know any spells.
Your spell library was empty.

Dungeon Overview and Level Annotations

Branches:
Dungeon (4/15)
 Temple: D:4-7

Altars:


Innate Abilities, Weirdness & Mutations

You have very sharp teeth.
Your uncanny sense of smell can sniff out nearby items.
Your experience applies equally to all skills.


Message History

HP restored.
Things that are here:
a +0 robe; a +0 dagger An orc comes into view.
It is wielding a +0 mace.
Found an embroidered hat.
The helpless orc fails to defend itself.
You hit the orc.
The orc is moderately wounded.
The orc closely misses you.
You sock the orc!
You kill the orc!
Things that are here:
a +0 mace; an orc corpse You open the door.
A jelly comes into view.
The jelly quivers.
There is an open door here.
You hit the jelly.
Your hands burn!
You bite the jelly.
The jelly is moderately wounded.
The jelly hits you but does no damage. x2
You hit the jelly. The acid corrodes you!
Your hands burn!
The jelly is moderately wounded.
The jelly hits you. The acid corrodes you!
You are splashed with acid!
You hit the jelly. The acid corrodes you!
Your hands burn!
The jelly is heavily wounded.
The jelly hits you.
You are splashed with acid!
You completely miss the jelly.
The jelly is heavily wounded.
The jelly barely misses you.
You hit the jelly.
Your hands burn!
* * * LOW HITPOINT WARNING * * *
The jelly is severely wounded.
The jelly misses you.
You hit the jelly but do no damage. The acid corrodes you!
Your hands burn!
* * * LOW HITPOINT WARNING * * *
The jelly is severely wounded.
The jelly hits you.
* * * LOW HITPOINT WARNING * * *
The acid corrodes you!
You are splashed with acid!
You die...

∆ #....# ### #
#....# #.. .# #....#
#.# #.+ #....#
#..#..# #....#
#.#J#.# #....#
#..@..#[ ###.##....#
##'###### #......<.#
#).....#
#.#..#.#.####.#..#.#
#.........#..##..# ∆
#..#.#.##[#..##..#
#..#.#.##.#.#..#.#.
∆
#..#.#...[#......#.
# .....#..#.#######


You could see a jelly.

Vanquished Creatures
  Duvessa (D:4)
  Dowan (D:4)
  A hound (D:4)
  An iguana (D:3)
  5 adders
  A worm (D:2)
  2 dart slugs (D:2)
  3 orcs
  6 endoplasms
  6 goblins
  3 hobgoblins
  6 jackals
  A quokka (D:1)
  4 ball pythons
  A bat (D:3)
  7 frilled lizards
  2 kobolds
  8 rats
59 creatures vanquished.

Notes
Turn   | Place    | Note
-------+----------+-------------------------------------------
     0 | D:1      | Reached skill level 10 in Armour
     0 | D:1      | zazu2006 the Gnoll Wanderer began the quest for the Orb.
     0 | D:1      | zazu2006 set off with the following items: a +2 mace, a +0
                  | quarterstaff, a +0 ring mail, a scroll of fear.
     0 | D:1      | Reached XP level 1. HP: 13/13 MP: 1/1
   100 | D:1      | Reached XP level 2. HP: 19/19 MP: 2/2
   564 | D:2      | Reached XP level 3. HP: 25/25 MP: 3/3
   618 | D:2      | Reached skill level 1 in Invocations
   706 | D:2      | Reached skill level 1 in Fighting
   706 | D:2      | Reached skill level 1 in Short Blades
   706 | D:2      | Reached skill level 1 in Long Blades
   706 | D:2      | Reached skill level 1 in Axes
   706 | D:2      | Reached skill level 1 in Polearms
   706 | D:2      | Reached skill level 1 in Ranged Weapons
   706 | D:2      | Reached skill level 1 in Dodging
   706 | D:2      | Reached skill level 1 in Stealth
   706 | D:2      | Reached skill level 1 in Shields
   706 | D:2      | Reached skill level 1 in Unarmed Combat
   706 | D:2      | Reached skill level 1 in Spellcasting
   812 | D:2      | Reached XP level 4. HP: 30/32 MP: 5/5
  1188 | D:3      | Found a faded altar of an unknown god.
  1319 | D:3      | Reached skill level 1 in Conjurations
  1319 | D:3      | Reached skill level 1 in Hexes
  1319 | D:3      | Reached skill level 1 in Summonings
  1319 | D:3      | Reached skill level 1 in Necromancy
  1319 | D:3      | Reached skill level 1 in Translocations
  1319 | D:3      | Reached skill level 1 in Transmutations
  1319 | D:3      | Reached skill level 1 in Fire Magic
  1319 | D:3      | Reached skill level 1 in Ice Magic
  1319 | D:3      | Reached skill level 1 in Air Magic
  1319 | D:3      | Reached skill level 1 in Earth Magic
  1319 | D:3      | Reached skill level 1 in Poison Magic
  1597 | D:3      | Reached XP level 5. HP: 12/37 MP: 5/7
  2035 | D:4      | Noticed Duvessa
  2035 | D:4      | Noticed Dowan
  2056 | D:4      | Killed Duvessa
  2057 | D:4      | Reached XP level 6. HP: 6/44 MP: 8/8
  2059 | D:4      | Killed Dowan
  2060 | D:4      | Reached skill level 5 in Maces & Flails
  2060 | D:4      | HP: 3/66 [hound (2)]
  2226 | D:4      | Splashed by a jelly's acid

Illustrated notes

Levels and vault maps discovered:
D:1:      lightli_arrival_statue_moat, layout_rooms,
          chequers_serial_rivers_micro_d
D:2:      layout_rooms
D:3:      layout_basic, hellmonk_ecumenical_altar_leap_of_faith
D:4:      minmay_clustersquares, layout_basic, kennysheep_little_box,
          st_stairs_3, uniq_duvessa, uniq_robin

Skill      XL: |  1  2  3  4  5  6 |
---------------+-------------------+-----
Armour         | | 10.6
Invocations    | 1 2 |  2.2
Fighting       | 1 2 |  2.0
Short Blades   | 1 2 |  2.0
Long Blades    | 1 2 |  2.0
Axes           | 1 2 |  2.0
Polearms       | 1 2 |  2.0
Ranged Weapons | 1 2 |  2.0
Dodging        | 1 2 |  2.0
Stealth        | 1 2 |  2.0
Shields        | 1 2 |  2.0
Unarmed Combat | 1 2 |  2.0
Spellcasting   | 1 2 |  2.0
Conjurations   | 1 |  1.6
Hexes          | 1 |  1.6
Summonings     | 1 |  1.6
Necromancy     | 1 |  1.6
Translocations | 1 |  1.6
Transmutations | 1 |  1.6
Fire Magic     | 1 |  1.6
Ice Magic      | 1 |  1.6
Air Magic      | 1 |  1.6
Earth Magic    | 1 |  1.6
Poison Magic   | 1 |  1.6
Staves         | 3 |  3.3
Throwing       | 3 |  3.3
Evocations     | 3 |  3.3
Maces & Flails | 5 |  5.0

Action                     |  1- 3 |  4- 6 || total
---------------------------+-------+-------++-------
  Melee: Mace              |   101 |   115 ||   216
         Bite              |     5 |     9 ||    14
         Punch             |     1 |     1 ||     2
    Use: Scroll            |       |     3 ||     3
         Potion            |       |     1 ||     1
   Stab: Sleeping          |       |     1 ||     1
 Armour: Ring mail         |    37 |    17 ||    54
         Leather armour    |       |    30 ||    30
  Dodge: Dodged            |    48 |    63 ||   111

Table legend: (Time is in decaauts)
 A = Elapsed time spent in this place.
 B = Non-inter-level travel time spent in this place.
 C = Inter-level travel time spent in this place.
 D = Time resting spent in this place.
 E = Time spent auto-exploring this place.
 F = Levels seen in this place.
 G = Mean time per level.
                   A        B        C        D        E       F      G
               +--------+--------+--------+--------+--------+-----+--------+
         Total |   2271 |   2166 |    105 |     33 |   1568 |   4 |  567.8 |
       Dungeon |   2271 |   2166 |    105 |     33 |   1568 |   4 |  567.8 |
               +--------+--------+--------+--------+--------+-----+--------+

Top non-repeatable levels by time:
     D:3: 1081 daAuts
     D:1: 547 daAuts
     D:2: 473 daAuts
     D:4: 169 daAuts
